Wild vs RedWings

Created - September-24-13 at 18:05

Simulating a Pre-Season

Goals
1 2 3 OT1 SO T
Wild 1 0 0 0 0 1
RedWings 0 0 1 0 1 2
Shots
1 2 3 OT1 SO T
Wild 12 8 7 4 3 31
RedWings 6 9 10 0 2 25

1st period

1. Wild , Milan Michalek 5 (John-Michael Liles, Fedor Tyutin) at 7:53

Penalties :
Mark Fraser (DET) for Charging (Minor) at 14:48, Alexandre Burrows (DET) for Hooking (Minor) at 18:48

2nd period

No Goal

Penalties :
Michael Stone (MIN) for Hooking (Minor) at 5:06, Mark Fraser (DET) for Interference (Minor) at 7:45, Andrei Markov (MIN) for Roughing (Minor) at 18:10

3rd period

2. RedWings , Alexandre Burrows 6 (Ray Whitney, Joe Thornton) at 1:31

Penalties :
Alexandre Burrows (DET) for Holding (Minor) at 3:58, Mark Fraser (DET) for Tripping (Minor) at 19:06

Overtime #1

No Goal

Penalties :
Eric Brewer (DET) for Holding (Minor) at 1:22

Shootout

Penalty Shot by Patrik Berglund for Wild - Shot Misses the Net
Penalty Shot by Alexandre Burrows for RedWings - Goal!
Penalty Shot by Brent Burns for Wild - Stopped by Thomas Greiss
Penalty Shot by Ray Whitney for RedWings - Stopped by Niklas Backstrom
Penalty Shot by Bobby Ryan for Wild - Stopped by Thomas Greiss

Penalties :
No Penalty

Goalie Stats

Niklas Backstrom (MIN), 24 saves from 25 shots - (0.960), OTL, 4-6-1, 65:00 minutes
Thomas Greiss (DET), 30 saves from 31 shots - (0.968), W, 1-0-0, 65:00 minutes

Players Stats for Wild

Player Name              G  A  P  +/- PIM S  H  SB GA TA FO     MP     PP MP  PK MP  
------------------------------------------------------------------------------------
Andrei Markov            0  0  0  -1  2   2  0  0  0  0  0/0    25:21   4:24   0:00 
Andrew Ebbett            0  0  0   0  0   0  0  0  0  0  1/3     1:55   0:00   1:55 
Andy McDonald            0  0  0   0  0   2  0  0  0  0  16/33  21:40   4:34   0:00 
Anton Babchuk            0  0  0   0  0   0  0  0  0  0  0/0     1:19   0:00   0:42 
Blake Comeau             0  0  0   0  0   1  2  0  0  0  7/15   16:01   0:00   1:55 
Bobby Ryan               0  0  0   0  0   8  3  0  0  0  1/1    21:40   4:34   0:00 
Brent Burns              0  0  0   0  0   1  3  0  0  0  0/0    22:22   4:15   0:00 
Clayton Stoner           0  0  0   0  0   0  1  1  0  0  0/0    17:56   0:00   2:33 
Erik Cole                0  0  0   0  0   3  1  0  0  0  0/2    22:14   4:34   0:00 
Fedor Tyutin             0  1  1   1  0   0  0  1  0  0  0/0    27:43   4:24   2:08 
Jay Pandolfo             0  0  0   0  0   1  0  0  0  0  2/6    16:09   0:00   2:03 
John-Michael Liles       0  1  1   1  0   2  0  0  0  0  0/0    19:13   4:25   0:00 
Michael Stone            0  0  0  -1  2   0  3  3  0  0  0/0    18:46   0:00   0:43 
Milan Hejduk             0  0  0   0  0   0  0  0  0  0  1/1    14:06   0:00   0:00 
Milan Michalek           1  0  1   0  0   3  1  0  0  0  1/2    22:14   4:15   0:00 
Patrik Berglund          0  0  0   0  0   8  1  0  0  0  13/31  25:16   4:15   0:00 
Ryan Whitney             0  0  0   0  0   0  0  2  0  0  0/0    19:40   4:25   1:50 
Toby Petersen            0  0  0   0  0   0  0  0  0  0  0/0     2:25   0:00   2:03 

Players Stats for RedWings

Player Name              G  A  P  +/- PIM S  H  SB GA TA FO     MP     PP MP  PK MP  
------------------------------------------------------------------------------------
Alexandre Burrows        1  0  1   1  4   3  5  0  0  0  0/4    21:44   1:21   2:16 
Andrew Cogliano          0  0  0  -1  0   5  0  1  0  0  6/6    23:22   2:37   8:03 
Brian Campbell           0  0  0   0  0   0  0  2  0  0  0/0    28:08   1:31   6:18 
Cam Janssen              0  0  0   0  0   0  1  0  0  0  0/0    10:22   0:24   0:00 
Casey Cizikas            0  0  0  -1  0   2  6  0  0  0  10/20  15:19   2:37   0:00 
Eric Brewer              0  0  0   1  2   0  1  1  0  0  0/0    21:30   2:27   4:34 
Eric Gryba               0  0  0  -1  0   0  1  0  0  0  0/0     5:33   0:00   1:02 
Jared Spurgeon           0  0  0   1  0   1  0  0  0  0  0/0    22:33   2:27   5:36 
Joe Thornton             0  1  1   1  0   3  0  0  0  0  18/26  24:15   1:21   2:59 
Keith Yandle             0  0  0   0  0   0  0  0  0  0  0/0     9:48   0:00   0:00 
Mark Cundari             0  0  0  -1  0   0  0  1  0  0  0/0     4:31   0:00   0:00 
Mark Fraser              0  0  0   0  6   1  6  0  0  0  0/0     9:45   0:00   0:00 
Nate Thompson            0  0  0   0  0   1  1  0  0  0  13/24  16:14   1:21   5:04 
Paul Martin              0  0  0   0  0   3  3  5  0  0  0/0    28:08   1:31   6:18 
Ray Whitney              0  1  1   1  0   1  0  0  0  0  1/2    22:29   2:13   2:07 
Sergei Kostitsyn         0  0  0  -1  0   4  1  0  0  0  0/1    21:01   0:00   0:00 
Taylor Beck              0  0  0   0  0   1  1  0  0  0  0/1    16:36   0:00   0:14 
Tyler Toffoli            0  0  0   0  0   0  0  0  0  0  4/10    6:42   0:00   0:00 

3 Stars

1 - Thomas Greiss (DET)
2 - Niklas Backstrom (MIN)
3 - Milan Michalek (MIN)

Power Play

Wild - 0 on 6 Attempt(s) - 0.00%
RedWings - 0 on 2 Attempt(s) - 0.00%

Penalty Kill

Wild - 2 on 2 Attempt(s) - 100.00% - Score 0 goal in Penalty Kill
RedWings - 6 on 6 Attempt(s) - 100.00% - Score 0 goal in Penalty Kill

Official

Referees : Justin StPierre and Kevin Pollock
Linesman : Don Henderson and Kiel Murchison

Game Notes

No Game Note

% Time on Ice - Wild

Lines # - Real PCT - Wanted PCT - Time Play
Normal Forward
1 - 32% - 35% - 15:05
2 - 32% - 35% - 15:08
3 - 30% - 15% - 14:06
4 - 6% - 15% - 2:54
Normal Defense
1 - 31% - 35% - 14:48
2 - 32% - 35% - 15:02
3 - 28% - 15% - 13:25
4 - 8% - 15% - 3:58
PP Forward
1 - 48% - 50% - 4:15
2 - 52% - 50% - 4:34
PP Defense
1 - 50% - 50% - 4:24
2 - 50% - 50% - 4:25
PK Forward
1 - 48% - 50% - 1:55
2 - 52% - 50% - 2:03
PK Defense
1 - 54% - 50% - 2:08
2 - 46% - 50% - 1:50
PK3 Forward
1 - 0% - 50%
2 - 0% - 50%
PK3 Defense
1 - 0% - 50%
2 - 0% - 50%
44 Forward
1 - 61% - 50% - 3:02
2 - 39% - 50% - 1:58
44 Defense
1 - 61% - 50% - 3:02
2 - 39% - 50% - 1:58
Last Minute Offensive  - 0:00
Last Minute Defensive  - 0:00
Total
Forward - 65:00
Defense - 65:00

% Time on Ice - RedWings

Lines # - Real PCT - Wanted PCT - Time Play
Normal Forward
1 - 38% - 40% - 18:09
2 - 27% - 30% - 12:42
3 - 14% - 20% - 6:33
4 - 21% - 10% - 9:49
Normal Defense
1 - 42% - 40% - 19:38
2 - 28% - 30% - 13:16
3 - 21% - 20% - 9:48
4 - 10% - 10% - 4:31
PP Forward
1 - 66% - 60% - 2:37
2 - 34% - 40% - 1:21
PP Defense
1 - 38% - 60% - 1:31
2 - 62% - 40% - 2:27
PK Forward
1 - 68% - 60% - 6:01
2 - 32% - 40% - 2:48
PK Defense
1 - 53% - 60% - 4:39
2 - 47% - 40% - 4:10
PK3 Forward
1 - 80% - 60% - 2:28
2 - 20% - 40% - 0:37
PK3 Defense
1 - 54% - 60% - 1:39
2 - 46% - 40% - 1:26
44 Forward
1 - 92% - 60% - 1:46
2 - 8% - 40% - 0:09
44 Defense
1 - 36% - 60% - 0:41
2 - 64% - 40% - 1:14
Last Minute Offensive  - 0:00
Last Minute Defensive  - 0:00
Total
Forward - 65:00
Defense - 65:00

Play by Play

1st period


0:01 of 1st period - Patrik Berglund wins face-off versus Alexandre Burrows in neutral zone.
1:21 of 1st period - Andy McDonald is hit by Casey Cizikas and loses puck.
2:20 of 1st period - Clayton Stoner is hit by Mark Fraser.
2:25 of 1st period - Icing by Taylor Beck.
2:26 of 1st period - Patrik Berglund wins face-off versus Nate Thompson in RedWings zone.
2:48 of 1st period - Shot by Nate Thompson.
2:48 of 1st period - Stopped by Niklas Backstrom without a rebound.
2:49 of 1st period - Blake Comeau wins face-off versus Alexandre Burrows in Wild zone.
3:12 of 1st period - Shot by Ray Whitney.
3:12 of 1st period - Stopped by Niklas Backstrom without a rebound.
3:13 of 1st period - Patrik Berglund wins face-off versus Nate Thompson in Wild zone.
3:23 of 1st period - Icing by Paul Martin.
3:24 of 1st period - Nate Thompson wins face-off versus Erik Cole in RedWings zone.
3:55 of 1st period - Icing by Brian Campbell.
3:56 of 1st period - Nate Thompson wins face-off versus Patrik Berglund in RedWings zone.
4:06 of 1st period - Shot by Brent Burns.
4:06 of 1st period - Stopped by Thomas Greiss with a rebound.
4:08 of 1st period - Shot by Milan Michalek.
4:08 of 1st period - Shot Misses the Net.
4:18 of 1st period - Shot by Patrik Berglund.
4:18 of 1st period - Stopped by Thomas Greiss without a rebound.
4:19 of 1st period - Joe Thornton wins face-off versus Blake Comeau in RedWings zone.
4:36 of 1st period - Shot by Ray Whitney.
4:36 of 1st period - Shot Blocked by Michael Stone.
5:24 of 1st period - Off-side.
5:25 of 1st period - Andy McDonald wins face-off versus Tyler Toffoli in neutral zone.
5:25 of 1st period - Bobby Ryan is hit by Sergei Kostitsyn and loses puck.
5:29 of 1st period - Off-side.
5:30 of 1st period - Patrik Berglund wins face-off versus Tyler Toffoli in neutral zone.
6:17 of 1st period - Eric Brewer is hit by Brent Burns and loses puck.
6:21 of 1st period - Icing by Eric Brewer.
6:22 of 1st period - Andy McDonald wins face-off versus Tyler Toffoli in RedWings zone.
6:31 of 1st period - Shot by Bobby Ryan.
6:31 of 1st period - Stopped by Thomas Greiss without a rebound.
6:32 of 1st period - Joe Thornton wins face-off versus Andy McDonald in RedWings zone.
6:32 of 1st period - Joe Thornton is hit by Bobby Ryan.
6:45 of 1st period - Joe Thornton is hit by Michael Stone and loses puck.
7:11 of 1st period - Paul Martin is hit by Michael Stone and loses puck.
7:25 of 1st period - Icing by Andrei Markov.
7:26 of 1st period - Andy McDonald wins face-off versus Casey Cizikas in Wild zone.
7:51 of 1st period - Shot by John-Michael Liles.
7:51 of 1st period - Stopped by Thomas Greiss with a rebound.
7:53 of 1st period - Shot by Milan Michalek.
7:53 of 1st period - Goal by Milan Michalek - Wild : 1 - RedWings : 0.
7:54 of 1st period - Blake Comeau wins face-off versus Nate Thompson in neutral zone.
7:57 of 1st period - Cam Janssen is hit by Blake Comeau and loses puck.
9:08 of 1st period - Brent Burns is hit by Alexandre Burrows and loses puck.
9:17 of 1st period - Shot by Milan Michalek.
9:17 of 1st period - Shot Blocked by Paul Martin.
9:19 of 1st period - Shot by Milan Michalek.
9:19 of 1st period - Deflect By Patrik Berglund.
9:19 of 1st period - Stopped by Thomas Greiss without a rebound.
9:20 of 1st period - Casey Cizikas wins face-off versus Andy McDonald in RedWings zone.
9:22 of 1st period - Icing by Mark Fraser.
9:23 of 1st period - Andy McDonald wins face-off versus Casey Cizikas in RedWings zone.
9:29 of 1st period - Bobby Ryan is hit by Mark Fraser and loses puck.
9:35 of 1st period - Off-side.
9:36 of 1st period - Blake Comeau wins face-off versus Joe Thornton in neutral zone.
9:49 of 1st period - Shot by Andrei Markov.
9:49 of 1st period - Shot Blocked by Paul Martin.
11:09 of 1st period - Shot by Casey Cizikas.
11:09 of 1st period - Stopped by Niklas Backstrom with a rebound.
11:11 of 1st period - Shot by Mark Fraser.
11:11 of 1st period - Shot Blocked by Ryan Whitney.
12:35 of 1st period - Shot by Jared Spurgeon.
12:35 of 1st period - Shot Misses the Net.
12:37 of 1st period - Shot by Joe Thornton.
12:37 of 1st period - Shot Misses the Net.
12:39 of 1st period - Shot by Joe Thornton.
12:39 of 1st period - Stopped by Niklas Backstrom without a rebound.
12:40 of 1st period - Casey Cizikas wins face-off versus Blake Comeau in Wild zone.
12:47 of 1st period - Shot by Andrew Cogliano.
12:47 of 1st period - Deflect By Sergei Kostitsyn.
12:47 of 1st period - Stopped by Niklas Backstrom without a rebound.
12:48 of 1st period - Blake Comeau wins face-off versus Tyler Toffoli in Wild zone.
13:13 of 1st period - Shot by Sergei Kostitsyn.
13:13 of 1st period - Stopped by Niklas Backstrom without a rebound.
13:14 of 1st period - Blake Comeau wins face-off versus Joe Thornton in Wild zone.
13:38 of 1st period - Icing by Andrei Markov.
13:39 of 1st period - Casey Cizikas wins face-off versus Blake Comeau in Wild zone.
13:39 of 1st period - Casey Cizikas is hit by Michael Stone.
14:19 of 1st period - Shot by Bobby Ryan.
14:19 of 1st period - Stopped by Thomas Greiss without a rebound.
14:20 of 1st period - Joe Thornton wins face-off versus Andy McDonald in RedWings zone.
14:24 of 1st period - Off-side.
14:25 of 1st period - Joe Thornton wins face-off versus Patrik Berglund in neutral zone.
14:40 of 1st period - Shot by Milan Michalek.
14:40 of 1st period - Shot Misses the Net.
14:47 of 1st period - Patrik Berglund is hit by Mark Fraser and loses puck.
14:48 of 1st period - Minor Penalty to Mark Fraser for Charging.
14:49 of 1st period - Nate Thompson wins face-off versus Andy McDonald in RedWings zone.
14:58 of 1st period - Shot by Andrei Markov.
14:58 of 1st period - Stopped by Thomas Greiss with a rebound.
15:00 of 1st period - Shot by Andrei Markov.
15:00 of 1st period - Shot Misses the Net.
15:02 of 1st period - Shot by Erik Cole.
15:02 of 1st period - Stopped by Thomas Greiss with a rebound.
15:04 of 1st period - Shot by Andy McDonald.
15:04 of 1st period - Deflect By Erik Cole.
15:04 of 1st period - Shot Misses the Net.
15:06 of 1st period - Shot by Bobby Ryan.
15:06 of 1st period - Stopped by Thomas Greiss with a rebound.
15:08 of 1st period - Shot by Erik Cole.
15:08 of 1st period - Stopped by Thomas Greiss without a rebound.
15:09 of 1st period - Nate Thompson wins face-off versus Patrik Berglund in RedWings zone.
15:30 of 1st period - Shot by John-Michael Liles.
15:30 of 1st period - Shot Blocked by Paul Martin.
15:32 of 1st period - Shot by John-Michael Liles.
15:32 of 1st period - Shot Blocked by Brian Campbell.
15:45 of 1st period - Icing by Brent Burns.
15:46 of 1st period - Joe Thornton wins face-off versus Patrik Berglund in Wild zone.
17:26 of 1st period - Off-side.
17:27 of 1st period - Joe Thornton wins face-off versus Andy McDonald in neutral zone.
17:30 of 1st period - Erik Cole is hit by Alexandre Burrows and loses puck.
18:36 of 1st period - Shot by Patrik Berglund.
18:36 of 1st period - Stopped by Thomas Greiss with a rebound.
18:46 of 1st period - Clayton Stoner is hit by Alexandre Burrows and loses puck.
18:48 of 1st period - Minor Penalty to Alexandre Burrows for Hooking.
18:49 of 1st period - Nate Thompson wins face-off versus Andy McDonald in RedWings zone.
18:55 of 1st period - Icing by Andy McDonald.
18:56 of 1st period - Andy McDonald wins face-off versus Nate Thompson in Wild zone.
19:12 of 1st period - Icing by Andy McDonald.
19:13 of 1st period - Andy McDonald wins face-off versus Nate Thompson in Wild zone.

2nd period


0:01 of 2nd period - Nate Thompson wins face-off versus Patrik Berglund in neutral zone.
0:07 of 2nd period - Icing by Milan Michalek.
0:08 of 2nd period - Patrik Berglund wins face-off versus Nate Thompson in Wild zone.
0:15 of 2nd period - Brian Campbell is hit by Milan Michalek and loses puck.
0:44 of 2nd period - Shot by Brent Burns.
0:44 of 2nd period - Shot Misses the Net.
0:49 of 2nd period - Icing by Brian Campbell.
0:50 of 2nd period - Andy McDonald wins face-off versus Tyler Toffoli in RedWings zone.
1:01 of 2nd period - Shot by Erik Cole.
1:01 of 2nd period - Shot Misses the Net.
1:11 of 2nd period - Shot by Erik Cole.
1:11 of 2nd period - Stopped by Thomas Greiss without a rebound.
1:12 of 2nd period - Blake Comeau wins face-off versus Joe Thornton in RedWings zone.
1:30 of 2nd period - Off-side.
1:31 of 2nd period - Milan Michalek wins face-off versus Casey Cizikas in neutral zone.
1:31 of 2nd period - Clayton Stoner is hit by Casey Cizikas.
1:46 of 2nd period - Off-side.
1:47 of 2nd period - Joe Thornton wins face-off versus Andy McDonald in neutral zone.
2:09 of 2nd period - Andy McDonald is hit by Paul Martin and loses puck.
2:29 of 2nd period - Off-side.
2:30 of 2nd period - Patrik Berglund wins face-off versus Casey Cizikas in neutral zone.
3:38 of 2nd period - Jay Pandolfo is hit by Casey Cizikas and loses puck.
3:53 of 2nd period - Shot by Milan Hejduk.
3:53 of 2nd period - Shot Misses the Net.
3:55 of 2nd period - Shot by Ryan Whitney.
3:55 of 2nd period - Shot Misses the Net.
3:59 of 2nd period - Shot by Milan Hejduk.
3:59 of 2nd period - Shot Misses the Net.
4:01 of 2nd period - Shot by Jay Pandolfo.
4:01 of 2nd period - Shot Misses the Net.
4:03 of 2nd period - Shot by Jay Pandolfo.
4:03 of 2nd period - Stopped by Thomas Greiss with a rebound.
4:31 of 2nd period - Shot by Bobby Ryan.
4:31 of 2nd period - Stopped by Thomas Greiss with a rebound.
4:33 of 2nd period - Shot by Erik Cole.
4:33 of 2nd period - Shot Misses the Net.
4:43 of 2nd period - Shot by Bobby Ryan.
4:43 of 2nd period - Stopped by Thomas Greiss without a rebound.
4:44 of 2nd period - Nate Thompson wins face-off versus Patrik Berglund in RedWings zone.
4:44 of 2nd period - Nate Thompson is hit by Brent Burns.
4:51 of 2nd period - Off-side.
4:52 of 2nd period - Nate Thompson wins face-off versus Patrik Berglund in neutral zone.
5:03 of 2nd period - Shot by Nate Thompson.
5:03 of 2nd period - Shot Misses the Net.
5:05 of 2nd period - Shot by Taylor Beck.
5:05 of 2nd period - Shot Blocked by Michael Stone.
5:06 of 2nd period - Minor Penalty to Michael Stone for Hooking.
5:07 of 2nd period - Joe Thornton wins face-off versus Andrew Ebbett in Wild zone.
5:36 of 2nd period - Shot by Paul Martin.
5:36 of 2nd period - Stopped by Niklas Backstrom without a rebound.
5:37 of 2nd period - Casey Cizikas wins face-off versus Jay Pandolfo in Wild zone.
5:40 of 2nd period - Shot by Andrew Cogliano.
5:40 of 2nd period - Stopped by Niklas Backstrom without a rebound.
5:41 of 2nd period - Casey Cizikas wins face-off versus Jay Pandolfo in Wild zone.
7:20 of 2nd period - Shot by Taylor Beck.
7:20 of 2nd period - Shot Misses the Net.
7:45 of 2nd period - Minor Penalty to Mark Fraser for Interference.
7:46 of 2nd period - Nate Thompson wins face-off versus Andy McDonald in RedWings zone.
8:40 of 2nd period - Icing by Patrik Berglund.
8:41 of 2nd period - Joe Thornton wins face-off versus Patrik Berglund in Wild zone.
9:08 of 2nd period - Shot by Patrik Berglund.
9:08 of 2nd period - Stopped by Thomas Greiss with a rebound.
9:10 of 2nd period - Shot by Milan Michalek.
9:10 of 2nd period - Shot Blocked by Brian Campbell.
9:12 of 2nd period - Shot by Patrik Berglund.
9:12 of 2nd period - Shot Blocked by Andrew Cogliano.
9:42 of 2nd period - Shot by Bobby Ryan.
9:42 of 2nd period - Shot Misses the Net.
9:44 of 2nd period - Shot by Bobby Ryan.
9:44 of 2nd period - Stopped by Thomas Greiss without a rebound.
9:45 of 2nd period - Tyler Toffoli wins face-off versus Blake Comeau in RedWings zone.
9:45 of 2nd period - Tyler Toffoli is hit by Blake Comeau.
10:57 of 2nd period - Icing by Brian Campbell.
10:58 of 2nd period - Andy McDonald wins face-off versus Alexandre Burrows in RedWings zone.
11:44 of 2nd period - Andrei Markov is hit by Paul Martin and loses puck.
12:14 of 2nd period - Shot by Andrew Cogliano.
12:14 of 2nd period - Deflect By Sergei Kostitsyn.
12:14 of 2nd period - Stopped by Niklas Backstrom without a rebound.
12:15 of 2nd period - Patrik Berglund wins face-off versus Nate Thompson in Wild zone.
12:17 of 2nd period - Icing by Milan Michalek.
12:18 of 2nd period - Patrik Berglund wins face-off versus Nate Thompson in Wild zone.
12:35 of 2nd period - Shot by Milan Michalek.
12:35 of 2nd period - Shot Blocked by Eric Brewer.
12:37 of 2nd period - Shot by Patrik Berglund.
12:37 of 2nd period - Stopped by Thomas Greiss without a rebound.
12:38 of 2nd period - Jay Pandolfo wins face-off versus Sergei Kostitsyn in RedWings zone.
12:51 of 2nd period - Icing by Clayton Stoner.
12:52 of 2nd period - Blake Comeau wins face-off versus Joe Thornton in Wild zone.
12:52 of 2nd period - Blake Comeau is hit by Alexandre Burrows.
13:10 of 2nd period - Shot by Paul Martin.
13:10 of 2nd period - Stopped by Niklas Backstrom with a rebound.
13:24 of 2nd period - Shot by Paul Martin.
13:24 of 2nd period - Stopped by Niklas Backstrom without a rebound.
13:25 of 2nd period - Patrik Berglund wins face-off versus Casey Cizikas in Wild zone.
13:40 of 2nd period - Shot by Brent Burns.
13:40 of 2nd period - Deflect By Patrik Berglund.
13:40 of 2nd period - Stopped by Thomas Greiss with a rebound.
13:42 of 2nd period - Shot by Patrik Berglund.
13:42 of 2nd period - Shot Misses the Net.
14:01 of 2nd period - Icing by Eric Brewer.
14:02 of 2nd period - Andrew Cogliano wins face-off versus Andy McDonald in RedWings zone.
14:02 of 2nd period - Eric Brewer is hit by Bobby Ryan and loses puck.
15:07 of 2nd period - Icing by Clayton Stoner.
15:08 of 2nd period - Milan Hejduk wins face-off versus Joe Thornton in Wild zone.
15:30 of 2nd period - Brian Campbell is hit by Clayton Stoner and loses puck.
16:25 of 2nd period - Shot by Taylor Beck.
16:25 of 2nd period - Stopped by Niklas Backstrom without a rebound.
16:26 of 2nd period - Andy McDonald wins face-off versus Tyler Toffoli in Wild zone.
16:26 of 2nd period - Andy McDonald is hit by Taylor Beck.
16:33 of 2nd period - Icing by Eric Gryba.
16:34 of 2nd period - Patrik Berglund wins face-off versus Taylor Beck in RedWings zone.
16:35 of 2nd period - Shot by Brent Burns.
16:35 of 2nd period - Shot Blocked by Mark Cundari.
16:42 of 2nd period - Milan Michalek is hit by Eric Gryba and loses puck.
17:50 of 2nd period - Bobby Ryan is hit by Paul Martin and loses puck.
18:10 of 2nd period - Minor Penalty to Andrei Markov for Roughing.
18:11 of 2nd period - Casey Cizikas wins face-off versus Jay Pandolfo in Wild zone.
18:32 of 2nd period - Shot by Casey Cizikas.
18:32 of 2nd period - Shot Blocked by Ryan Whitney.
18:34 of 2nd period - Shot by Casey Cizikas.
18:34 of 2nd period - Stopped by Niklas Backstrom without a rebound.
18:35 of 2nd period - Jay Pandolfo wins face-off versus Casey Cizikas in Wild zone.
18:46 of 2nd period - Shot by Jared Spurgeon.
18:46 of 2nd period - Stopped by Niklas Backstrom without a rebound.
18:47 of 2nd period - Joe Thornton wins face-off versus Jay Pandolfo in Wild zone.
19:02 of 2nd period - Shot by Alexandre Burrows.
19:02 of 2nd period - Deflect By Joe Thornton.
19:02 of 2nd period - Shot Blocked by Fedor Tyutin.
19:04 of 2nd period - Shot by Alexandre Burrows.
19:04 of 2nd period - Stopped by Niklas Backstrom without a rebound.
19:05 of 2nd period - Andrew Ebbett wins face-off versus Casey Cizikas in Wild zone.
19:44 of 2nd period - Shot by Ray Whitney.
19:44 of 2nd period - Shot Misses the Net.

3rd period


0:01 of 3rd period - Casey Cizikas wins face-off versus Andrew Ebbett in neutral zone.
0:14 of 3rd period - Icing by Eric Brewer.
0:15 of 3rd period - Tyler Toffoli wins face-off versus Andy McDonald in RedWings zone.
0:23 of 3rd period - Off-side.
0:24 of 3rd period - Andy McDonald wins face-off versus Casey Cizikas in neutral zone.
0:29 of 3rd period - Shot by John-Michael Liles.
0:29 of 3rd period - Shot Blocked by Paul Martin.
1:04 of 3rd period - Shot by Andy McDonald.
1:04 of 3rd period - Stopped by Thomas Greiss without a rebound.
1:05 of 3rd period - Joe Thornton wins face-off versus Patrik Berglund in RedWings zone.
1:05 of 3rd period - Joe Thornton is hit by Patrik Berglund.
1:11 of 3rd period - Shot by Joe Thornton.
1:11 of 3rd period - Stopped by Niklas Backstrom without a rebound.
1:12 of 3rd period - Ray Whitney wins face-off versus Patrik Berglund in Wild zone.
1:29 of 3rd period - Shot by Ray Whitney.
1:29 of 3rd period - Shot Misses the Net.
1:31 of 3rd period - Shot by Alexandre Burrows.
1:31 of 3rd period - Goal by Alexandre Burrows - Wild : 1 - RedWings : 1.
1:32 of 3rd period - Tyler Toffoli wins face-off versus Andy McDonald in neutral zone.
1:39 of 3rd period - Off-side.
1:40 of 3rd period - Casey Cizikas wins face-off versus Patrik Berglund in neutral zone.
1:49 of 3rd period - Shot by Brent Burns.
1:49 of 3rd period - Shot Misses the Net.
2:57 of 3rd period - Shot by Alexandre Burrows.
2:57 of 3rd period - Stopped by Niklas Backstrom without a rebound.
2:58 of 3rd period - Nate Thompson wins face-off versus Blake Comeau in Wild zone.
3:14 of 3rd period - Jay Pandolfo is hit by Mark Fraser and loses puck.
3:40 of 3rd period - John-Michael Liles is hit by Cam Janssen and loses puck.
3:58 of 3rd period - Minor Penalty to Alexandre Burrows for Holding.
3:59 of 3rd period - Andy McDonald wins face-off versus Ray Whitney in RedWings zone.
4:06 of 3rd period - Shot by Andrei Markov.
4:06 of 3rd period - Shot Misses the Net.
5:06 of 3rd period - Shot by John-Michael Liles.
5:06 of 3rd period - Stopped by Thomas Greiss without a rebound.
5:07 of 3rd period - Joe Thornton wins face-off versus Andy McDonald in RedWings zone.
6:02 of 3rd period - Andrei Markov is hit by Mark Fraser and loses puck.
7:27 of 3rd period - Shot by Milan Michalek.
7:27 of 3rd period - Stopped by Thomas Greiss with a rebound.
7:33 of 3rd period - Shot by Patrik Berglund.
7:33 of 3rd period - Shot Misses the Net.
7:47 of 3rd period - Erik Cole is hit by Alexandre Burrows and loses puck.
8:12 of 3rd period - Shot by Andy McDonald.
8:12 of 3rd period - Deflect By Bobby Ryan.
8:12 of 3rd period - Stopped by Thomas Greiss without a rebound.
8:13 of 3rd period - Casey Cizikas wins face-off versus Patrik Berglund in RedWings zone.
8:47 of 3rd period - Shot by Casey Cizikas.
8:47 of 3rd period - Shot Misses the Net.
8:49 of 3rd period - Shot by Eric Brewer.
8:49 of 3rd period - Deflect By Andrew Cogliano.
8:49 of 3rd period - Stopped by Niklas Backstrom without a rebound.
8:50 of 3rd period - Andy McDonald wins face-off versus Nate Thompson in Wild zone.
8:57 of 3rd period - Erik Cole is hit by Nate Thompson and loses puck.
9:06 of 3rd period - Shot by Taylor Beck.
9:06 of 3rd period - Shot Blocked by Clayton Stoner.
9:08 of 3rd period - Shot by Mark Fraser.
9:08 of 3rd period - Stopped by Niklas Backstrom without a rebound.
9:09 of 3rd period - Tyler Toffoli wins face-off versus Blake Comeau in Wild zone.
9:27 of 3rd period - Shot by Tyler Toffoli.
9:27 of 3rd period - Deflect By Sergei Kostitsyn.
9:27 of 3rd period - Shot Misses the Net.
9:29 of 3rd period - Shot by Sergei Kostitsyn.
9:29 of 3rd period - Stopped by Niklas Backstrom without a rebound.
9:30 of 3rd period - Andy McDonald wins face-off versus Casey Cizikas in Wild zone.
9:30 of 3rd period - Andy McDonald is hit by Casey Cizikas.
10:02 of 3rd period - Icing by Bobby Ryan.
10:03 of 3rd period - Andy McDonald wins face-off versus Nate Thompson in Wild zone.
10:57 of 3rd period - Icing by Andrei Markov.
10:58 of 3rd period - Joe Thornton wins face-off versus Patrik Berglund in Wild zone.
11:15 of 3rd period - Shot by Milan Michalek.
11:15 of 3rd period - Shot Misses the Net.
12:29 of 3rd period - Shot by Andrew Cogliano.
12:29 of 3rd period - Stopped by Niklas Backstrom without a rebound.
12:30 of 3rd period - Nate Thompson wins face-off versus Blake Comeau in Wild zone.
13:23 of 3rd period - Icing by Brian Campbell.
13:24 of 3rd period - Nate Thompson wins face-off versus Andy McDonald in RedWings zone.
15:57 of 3rd period - Clayton Stoner is hit by Casey Cizikas and loses puck.
16:05 of 3rd period - Clayton Stoner is hit by Eric Brewer and loses puck.
17:27 of 3rd period - Shot by Andrew Cogliano.
17:27 of 3rd period - Shot Misses the Net.
17:29 of 3rd period - Shot by Andrew Cogliano.
17:29 of 3rd period - Stopped by Niklas Backstrom without a rebound.
17:30 of 3rd period - Patrik Berglund wins face-off versus Casey Cizikas in Wild zone.
17:30 of 3rd period - Patrik Berglund is hit by Casey Cizikas.
17:40 of 3rd period - Shot by Milan Michalek.
17:40 of 3rd period - Stopped by Thomas Greiss with a rebound.
18:06 of 3rd period - Shot by Brent Burns.
18:06 of 3rd period - Deflect By Patrik Berglund.
18:06 of 3rd period - Stopped by Thomas Greiss without a rebound.
18:07 of 3rd period - Joe Thornton wins face-off versus Milan Michalek in RedWings zone.
18:18 of 3rd period - Shot by Joe Thornton.
18:18 of 3rd period - Stopped by Niklas Backstrom without a rebound.
18:19 of 3rd period - Joe Thornton wins face-off versus Blake Comeau in Wild zone.
18:22 of 3rd period - Shot by Joe Thornton.
18:22 of 3rd period - Shot Misses the Net.
18:32 of 3rd period - Shot by Blake Comeau.
18:32 of 3rd period - Stopped by Thomas Greiss without a rebound.
18:33 of 3rd period - Joe Thornton wins face-off versus Erik Cole in RedWings zone.
18:33 of 3rd period - Joe Thornton is hit by Erik Cole.
18:36 of 3rd period - Icing by Ray Whitney.
18:37 of 3rd period - Joe Thornton wins face-off versus Andy McDonald in RedWings zone.
18:53 of 3rd period - Icing by John-Michael Liles.
18:54 of 3rd period - Casey Cizikas wins face-off versus Andy McDonald in Wild zone.
19:02 of 3rd period - Bobby Ryan is hit by Mark Fraser and loses puck.
19:06 of 3rd period - Minor Penalty to Mark Fraser for Tripping.
19:07 of 3rd period - Patrik Berglund wins face-off versus Nate Thompson in RedWings zone.
19:36 of 3rd period - Shot by Andrew Cogliano.
19:36 of 3rd period - Stopped by Niklas Backstrom without a rebound.
19:37 of 3rd period - Andy McDonald wins face-off versus Joe Thornton in Wild zone.
19:43 of 3rd period - Icing by Bobby Ryan.
19:44 of 3rd period - Nate Thompson wins face-off versus Andy McDonald in Wild zone.

Overtime #1


0:01 of 1st overtime period - Andrew Cogliano wins face-off versus Patrik Berglund in neutral zone.
0:29 of 1st overtime period - Icing by Michael Stone.
0:30 of 1st overtime period - Andrew Cogliano wins face-off versus Patrik Berglund in Wild zone.
1:22 of 1st overtime period - Minor Penalty to Eric Brewer for Holding.
1:23 of 1st overtime period - Andrew Cogliano wins face-off versus Andy McDonald in RedWings zone.
1:23 of 1st overtime period - Andrew Cogliano is hit by Bobby Ryan.
1:41 of 1st overtime period - Off-side.
1:42 of 1st overtime period - Andrew Cogliano wins face-off versus Patrik Berglund in neutral zone.
2:09 of 1st overtime period - Shot by Patrik Berglund.
2:09 of 1st overtime period - Stopped by Thomas Greiss without a rebound.
2:10 of 1st overtime period - Andy McDonald wins face-off versus Alexandre Burrows in RedWings zone.
2:27 of 1st overtime period - Shot by Andy McDonald.
2:27 of 1st overtime period - Shot Misses the Net.
2:29 of 1st overtime period - Shot by Bobby Ryan.
2:29 of 1st overtime period - Shot Misses the Net.
2:31 of 1st overtime period - Shot by Andy McDonald.
2:31 of 1st overtime period - Shot Blocked by Paul Martin.
2:33 of 1st overtime period - Shot by Andrei Markov.
2:33 of 1st overtime period - Stopped by Thomas Greiss with a rebound.
2:35 of 1st overtime period - Shot by Andy McDonald.
2:35 of 1st overtime period - Stopped by Thomas Greiss without a rebound.
2:36 of 1st overtime period - Andrew Cogliano wins face-off versus Patrik Berglund in RedWings zone.
3:38 of 1st overtime period - Shot by Bobby Ryan.
3:38 of 1st overtime period - Stopped by Thomas Greiss without a rebound.
3:39 of 1st overtime period - Bobby Ryan wins face-off versus Joe Thornton in RedWings zone.
4:05 of 1st overtime period - Icing by Brian Campbell.
4:06 of 1st overtime period - Joe Thornton wins face-off versus Patrik Berglund in RedWings zone.
4:10 of 1st overtime period - Off-side.
4:11 of 1st overtime period - Patrik Berglund wins face-off versus Joe Thornton in neutral zone.
4:14 of 1st overtime period - Jared Spurgeon is hit by Brent Burns and loses puck.
4:27 of 1st overtime period - Shot by Jared Spurgeon.
4:27 of 1st overtime period - Shot Blocked by Michael Stone.
4:29 of 1st overtime period - Shot by Jared Spurgeon.
4:29 of 1st overtime period - Shot Misses the Net.

ShootOut


5:00 of 1st overtime period - Penalty Shot by Patrik Berglund for Wild.
5:00 of 1st overtime period - Shot Misses the Net.
5:00 of 1st overtime period - Penalty Shot by Alexandre Burrows for RedWings.
5:00 of 1st overtime period - Goal by Alexandre Burrows.
5:00 of 1st overtime period - Penalty Shot by Brent Burns for Wild.
5:00 of 1st overtime period - Stopped by Thomas Greiss.
5:00 of 1st overtime period - Penalty Shot by Ray Whitney for RedWings.
5:00 of 1st overtime period - Stopped by Niklas Backstrom.
5:00 of 1st overtime period - Penalty Shot by Bobby Ryan for Wild.
5:00 of 1st overtime period - Stopped by Thomas Greiss.


Output by the SimonT Hockey Simulator (STHS) for Stephane Roy -- Original Page W3C XHTML 1.0 Valid
Hockey Simulator - Hockey Simulation - Hockey Manager